[Event "Team 45 45 League T96"]
[Site "Internet Chess Club"]
[Date "2023.05.21"]
[Round "2"]
[White "Rookmaster"]
[Black "AlWynJones"]
[Result "1-0"]
[WhiteElo "1611"]
[BlackElo "1455"]
[Opening "Pirc: Austrian attack, 6.Be3"]
[ECO "B09"]
[Time "08:00:25"]
[PlyCount "75"]
[TimeControl "2700+45"]

1. e4 d6 2. d4 Nf6 3. Nc3 g6 4. f4 Bg7 5. Nf3 O-O 6. Be3 c6 7. h3 b5 8. e5 dxe5
9. fxe5 Nd5 10. Nxd5 cxd5 11. Qd2 Bf5 12. Bxb5 Bxc2 13. O-O Qb6 14. Rac1 Be4 15.
Be2 Nc6 16. Ng5 Bh6 17. Rxc6 Qxc6 18. Nxe4 Bxe3+ 19. Qxe3 dxe4 20. Rf4 f5 21.
exf6 exf6 22. Rxe4 Rfe8 23. Bf3 Rxe4 24. Bxe4 Qe8 25. Qb3+ Kg7 26. Qb7+ Kh6 27.
Qxa8 Qe7 28. g4 f5 29. gxf5 gxf5 30. Qc6+ Kg5 31. Qc1+ Kf6 32. Bg2 a5 33. h4 Qb4
34. Qg5+ Ke6 35. Qg8+ Kf6 36. Qd8+ Kg7 37. Qg5+ Kh8 38. Qf6+ {Black resigns} 1-0

[Event "Team 45 45 League T96"]
[Site "Internet Chess Club"]
[Date "2023.05.22"]
[Round "2"]
[White "fireball"]
[Black "CMAlge"]
[Result "1-0"]
[WhiteElo "1484"]
[BlackElo "1382"]
[Opening "Caro-Kann: Forgács variation"]
[ECO "B15"]
[Time "17:00:20"]
[PlyCount "45"]
[TimeControl "2700+45"]

1. e4 c6 2. d4 d5 3. Nc3 dxe4 4. Nxe4 Nf6 5. Nxf6+ exf6 6. Bc4 Na6 7. Nf3 Bd6 8.
h3 O-O 9. O-O Nc7 10. a3 Be6 11. Bxe6 fxe6 12. c4 c5 13. dxc5 Bxc5 14. b4 Be7
15. Qe2 Qe8 16. Nd4 Qd7 17. Bb2 e5 18. Nf3 Rad8 19. Rad1 Qf5 20. Nh4 Qe6 21. f4
f5 22. Qxe5 Bxh4 23. Qxg7# {Black checkmated} 1-0

[Event "Team 45 45 League T96"]
[Site "Internet Chess Club"]
[Date "2023.05.21"]
[Round "2"]
[White "BlueStorm"]
[Black "vollmerj"]
[Result "1/2-1/2"]
[WhiteElo "1536"]
[BlackElo "1505"]
[Opening "Queen's pawn: London system"]
[ECO "A45"]
[Time "06:51:11"]
[PlyCount "28"]
[TimeControl "2700+45"]

1. d4 Nf6 2. Bf4 g6 3. h3 c5 4. e3 Bg7 5. c3 cxd4 6. exd4 Qb6 7. Qb3 Qxb3 8.
axb3 a6 9. Nf3 O-O 10. Nbd2 Nc6 11. Bd3 d6 12. O-O Re8 13. Rfe1 Nd5 14. Bxd6
Bxh3 {Game drawn by mutual agreement} 1/2-1/2

[Event "Team 45 45 League T96"]
[Site "Internet Chess Club"]
[Date "2023.05.20"]
[Round "2"]
[White "ChessG2011"]
[Black "Reykjaviking"]
[Result "1-0"]
[WhiteElo "1447"]
[BlackElo "1332"]
[Opening "Philidor: Improved Hanham variation"]
[ECO "B07"]
[Time "16:32:10"]
[PlyCount "53"]
[TimeControl "2700+45"]

1. e4 d6 2. d4 Nf6 3. Nc3 Nbd7 4. Nf3 e5 5. d5 Be7 6. Be3 h6 7. Bb5 a6 8. Bc4 b5
9. Bb3 Rb8 10. a3 Nc5 11. Bxc5 dxc5 12. Nxe5 c4 13. Ba2 Nxe4 14. Nxe4 Bf5 15.
Ng3 Bd7 16. c3 Bf6 17. Nxd7 Qxd7 18. O-O O-O 19. Bb1 g6 20. Be4 Rb6 21. Bf3 Re8
22. Re1 Rd6 23. Rxe8+ Qxe8 24. Qe1 Qd8 25. Ne4 Rd7 26. Nxf6+ Qxf6 27. Qe8+
{Black resigns} 1-0

[Event "Team 45 45 League T96"]
[Site "Internet Chess Club"]
[Date "2023.05.23"]
[Round "2"]
[White "clarinetref"]
[Black "primerpaso"]
[Result "1-0"]
[WhiteElo "1491"]
[BlackElo "1790"]
[Opening "Sicilian defense"]
[ECO "B20"]
[Time "14:33:31"]
[PlyCount "91"]
[TimeControl "2700+45"]

1. e4 c5 2. b3 Nc6 3. Bb2 e6 4. g3 Nf6 5. Bg2 Be7 6. Ne2 O-O 7. O-O Qc7 8. d3 d5
9. exd5 Nxd5 10. Nbc3 Rd8 11. a3 b6 12. Qd2 Bb7 13. Rad1 Rd7 14. Nb5 Qd8 15.
Nbc3 Rc8 16. Qc1 Nf6 17. Qa1 Nd4 18. Bxb7 Rxb7 19. Nxd4 cxd4 20. Ne2 e5 21. c3
Rd7 22. cxd4 exd4 23. Rc1 Rxc1 24. Rxc1 Qa8 25. Rc4 Ng4 26. Qc1 Qf3 27. Rc8+ Bf8
28. Qf1 Qb7 29. Re8 Qc6 30. Re4 f5 31. Rxd4 Bc5 32. Rf4 Rxd3 33. Nd4 Bxd4 34.
Bxd4 Qc2 35. Kg2 Qc6+ 36. Kg1 Rxb3 37. h3 Nh6 38. Be3 Rxa3 39. Rc4 Qb7 40. Qc1
Qa6 41. Rc8+ Kf7 42. Qc7+ Kg6 43. Qd6+ Kh5 44. g4+ Nxg4 45. hxg4+ Kxg4 46. Qg3+
{Black resigns} 1-0

[Event "Team 45 45 League T96"]
[Site "Internet Chess Club"]
[Date "2023.05.20"]
[Round "2"]
[White "jfkingiii"]
[Black "garytd"]
[Result "0-1"]
[WhiteElo "1431"]
[BlackElo "1453"]
[Opening "Sicilian: Alapin's variation (2.c3)"]
[ECO "B22"]
[Time "19:01:36"]
[PlyCount "86"]
[TimeControl "2700+45"]

1. e4 c5 2. c3 g6 3. d4 cxd4 4. cxd4 d5 5. e5 Bg7 6. Nf3 f6 7. Be2 Nc6 8. Bf4
Nh6 9. O-O O-O 10. exf6 exf6 11. Nc3 a6 12. Qb3 Nf5 13. Qxd5+ Qxd5 14. Nxd5
Nfxd4 15. Nxd4 Nxd4 16. Bc4 Kh8 17. Rad1 b5 18. Rxd4 bxc4 19. Rxc4 Be6 20. Rc5
Rad8 21. Nc7 Bxa2 22. Nxa6 Rd4 23. g3 Bc4 24. Be3 Bxf1 25. Bxd4 Bxa6 26. b4 Rd8
27. b5 Bb7 28. Rc7 Bf3 29. Rc4 f5 30. Bxg7+ Kxg7 31. Rc1 Rd5 32. Kf1 Rxb5 33.
Ke1 Re5+ 34. Kf1 Rd5 35. Ke1 Kh6 36. h4 Kh5 37. Kf1 Kg4 38. Rc4+ Kh3 39. Rc1
Rd1+ 40. Rxd1 Bxd1 41. Ke1 Bf3 42. Kd2 Kg2 43. Ke3 h6 {White resigns} 0-1

[Event "Team 45 45 League T96"]
[Site "Internet Chess Club"]
[Date "2023.05.21"]
[Round "2"]
[White "herrahuu"]
[Black "Constrictor"]
[Result "1-0"]
[WhiteElo "1508"]
[BlackElo "1440"]
[Opening "Alekhine's defense: Scandinavian variation"]
[ECO "B02"]
[Time "10:00:20"]
[PlyCount "20"]
[TimeControl "2700+45"]

1. e4 Nf6 2. Nc3 d5 3. e5 d4 4. exf6 dxc3 5. fxe7 cxd2+ 6. Bxd2 Bxe7 7. Qf3 Bf6
8. O-O-O O-O 9. Bb4 Qxd1+ 10. Qxd1 Bxb2+ {Black resigns} 1-0

[Event "Team 45 45 League T96"]
[Site "Internet Chess Club"]
[Date "2023.05.20"]
[Round "2"]
[White "Signofthetimes"]
[Black "WillC"]
[Result "1-0"]
[WhiteElo "1543"]
[BlackElo "1578"]
[Opening "Scandinavian (center counter) defense"]
[ECO "B01"]
[Time "10:02:27"]
[PlyCount "40"]
[TimeControl "2700+45"]

1. e4 d5 2. e5 Bf5 3. d4 e6 4. Nf3 Bb4+ 5. Bd2 Bxd2+ 6. Qxd2 Ne7 7. Bd3 Nd7 8.
Nc3 c5 9. Nb5 Nc8 10. Bxf5 exf5 11. O-O-O Qb6 12. Nc3 Ne7 13. dxc5 Qxc5 14. Nxd5
Nxd5 15. Qxd5 Qxd5 16. Rxd5 O-O-O 17. Ng5 Nxe5 18. Rxe5 f6 19. Rc5+ Kb8 20. Nf7
Rc8 {Black resigns} 1-0

[Event "Team 45 45 League T96"]
[Site "Internet Chess Club"]
[Date "2023.05.21"]
[Round "2"]
[White "evan7284"]
[Black "scostanzo212"]
[Result "1-0"]
[WhiteElo "1606"]
[BlackElo "1551"]
[Opening "Queen's pawn: Chigorin variation"]
[ECO "D00"]
[Time "14:41:33"]
[PlyCount "75"]
[TimeControl "2700+45"]

1. d4 d5 2. Nc3 Nf6 3. Bf4 c6 4. e3 Bf5 5. f3 e6 6. g4 Bg6 7. h4 h6 8. Bd3 Bxd3
9. Qxd3 Bd6 10. Nge2 Bxf4 11. Nxf4 Qc7 12. O-O-O Nbd7 13. g5 Ng8 14. g6 Ndf6 15.
gxf7+ Qxf7 16. Ng6 Rh7 17. Ne5 Qh5 18. Kb1 Ne7 19. e4 O-O-O 20. Na4 Rhh8 21. Nc5
Nd7 22. Nxe6 Nxe5 23. dxe5 Rdg8 24. f4 Qg4 25. Qh3 Qxh3 26. Rxh3 dxe4 27. Re3
Nf5 28. Rxe4 Nxh4 29. Red4 Nf5 30. Rd7 g5 31. Rc7+ Kb8 32. Rdd7 gxf4 33. Rxb7+
Ka8 34. Rxa7+ Kb8 35. a3 f3 36. Rdb7+ Kc8 37. Nc5 f2 38. Ra8# {Black checkmated}
1-0

[Event "Team 45 45 League T96"]
[Site "Internet Chess Club"]
[Date "2023.05.20"]
[Round "2"]
[White "Kingofknights"]
[Black "BrerRabbit"]
[Result "1/2-1/2"]
[WhiteElo "1574"]
[BlackElo "1372"]
[Opening "QGD: 4.Bg5"]
[ECO "D50"]
[Time "15:01:12"]
[PlyCount "69"]
[TimeControl "2700+45"]

1. d4 d5 2. c4 e6 3. Nc3 Nf6 4. Bg5 dxc4 5. Nf3 Be7 6. e3 O-O 7. Bxc4 c5 8. O-O
Nc6 9. Bxf6 Bxf6 10. Ne4 cxd4 11. Nxf6+ Qxf6 12. exd4 Rd8 13. Qe2 Nxd4 14. Nxd4
Rxd4 15. Rac1 Bd7 16. b3 Rd8 17. Rc2 Bc6 18. f3 R8d6 19. a4 Qd8 20. Re1 Rd2 21.
Rxd2 Rxd2 22. Qe3 Qd4 23. Qxd4 Rxd4 24. Re2 Kf8 25. Kf2 Ke7 26. g3 a6 27. a5 Kd6
28. Rc2 Kd7 29. h4 Rd6 30. Ke3 Bd5 31. g4 f6 32. Bd3 h6 33. b4 Rc6 34. Rxc6 Kxc6
35. f4 {Game drawn by mutual agreement} 1/2-1/2

[Event "Team 45 45 League T96"]
[Site "Internet Chess Club"]
[Date "2023.05.25"]
[Round "2"]
[White "martineden"]
[Black "Portola"]
[Result "1-0"]
[WhiteElo "1841"]
[BlackElo "1757"]
[Opening "QGD: classical variation (5.Bf4)"]
[ECO "D37"]
[Time "10:00:19"]
[PlyCount "74"]
[TimeControl "2700+45"]

1. d4 d5 2. Nf3 Nf6 3. c4 e6 4. Nc3 Be7 5. Bf4 Nbd7 6. e3 O-O 7. cxd5 exd5 8.
Bd3 c6 9. O-O Re8 10. Rc1 Nf8 11. h3 Ng6 12. Bg3 Be6 13. a3 a5 14. Qc2 Bd6 15.
Bxd6 Qxd6 16. Na4 Nd7 17. Ng5 h6 18. Nxe6 Rxe6 19. Bf5 Ngf8 20. Bxe6 Nxe6 21.
Rcd1 b5 22. Nc3 b4 23. axb4 Qxb4 24. Ra1 Nb6 25. b3 Ng5 26. Na4 Ne4 27. Nxb6
Qxb6 28. Ra4 Qb7 29. Rfa1 Rb8 30. Rxa5 Qxb3 31. Qxc6 Qb2 32. R5a2 Qb4 33. Qxd5
Nf6 34. Qf5 Qb3 35. Ra8 Qb7 36. Rxb8+ Qxb8 37. Qb1 g6 {Black resigns} 1-0

[Event "Team 45 45 League T96"]
[Site "Internet Chess Club"]
[Date "2023.05.20"]
[Round "2"]
[White "zethhon"]
[Black "QuieroAprender"]
[Result "0-1"]
[WhiteElo "1517"]
[BlackElo "1651"]
[Opening "Queen's pawn: London system"]
[ECO "A45"]
[Time "19:42:38"]
[PlyCount "74"]
[TimeControl "2700+45"]

1. d4 Nf6 2. Bf4 d6 3. Nc3 g6 4. e4 Bg4 5. f3 Bc8 6. Qd2 Nbd7 7. O-O-O Nh5 8.
Bh6 Ng7 9. h4 e5 10. dxe5 Nxe5 11. Nd5 f6 12. Qf4 Nh5 13. Qe3 Ng3 14. Bxf8 Nxh1
15. Bg7 Rf8 16. Bxf8 Kxf8 17. Ne2 c6 18. Ndc3 Qb6 19. Rd4 c5 20. Rd1 Qxb2+ 21.
Kxb2 Nc4+ 22. Kc1 Nxe3 23. Re1 a6 24. g4 g5 25. hxg5 fxg5 26. Ng1 Nxf1 27. Rxf1
Ng3 28. Rf2 h5 29. Rg2 h4 30. Nh3 Be6 31. Nd5 Bxd5 32. exd5 Re8 33. Nxg5 Re2 34.
Ne6+ Ke7 35. Rxe2 Nxe2+ 36. Kd2 h3 37. Kxe2 h2 {White resigns} 0-1

[Event "Team 45 45 League T96"]
[Site "Internet Chess Club"]
[Date "2023.05.23"]
[Round "2"]
[White "Tufnell"]
[Black "jonesey"]
[Result "1/2-1/2"]
[WhiteElo "1958"]
[BlackElo "1875"]
[Opening "Ruy Lopez: closed, Bogolyubov variation"]
[ECO "C91"]
[Time "12:01:10"]
[PlyCount "117"]
[TimeControl "2700+45"]

1. e4 e5 2. Nf3 Nc6 3. Bb5 a6 4. Ba4 Nf6 5. O-O Be7 6. Re1 b5 7. Bb3 O-O 8. d4
d6 9. c3 Bg4 10. Be3 Na5 11. Bc2 c5 12. dxe5 Bxf3 13. Qxf3 dxe5 14. Nd2 Qd7 15.
Rad1 Qg4 16. h3 Qxf3 17. Nxf3 Nc6 18. Nh2 Rfd8 19. Nf1 Rxd1 20. Rxd1 Rd8 21.
Rxd8+ Nxd8 22. g3 Kf8 23. Kg2 Nd7 24. f4 Nb7 25. b3 Bf6 26. Bd2 Bd8 27. Ne3 Na5
28. Nd5 Nc6 29. Bd3 Ne7 30. Nxe7 Kxe7 31. Kf3 f6 32. a3 Kd6 33. h4 Nb6 34. c4
bxc4 35. Bxc4 Nxc4 36. bxc4 Bb6 37. h5 Ke6 38. Bc3 Bc7 39. Kg4 Kf7 40. fxe5 fxe5
41. Kf5 g6+ 42. hxg6+ hxg6+ 43. Kg5 Bd8+ 44. Kh6 Bf6 45. Bd2 Bg7+ 46. Kh7 Bf8
47. Bg5 Bd6 48. Bh4 Bf8 49. Bd8 Bd6 50. g4 Ke8 51. Ba5 Kf7 52. Bb6 Kf6 53. Bd8+
Kf7 54. g5 Bf8 55. Bf6 Bd6 56. Bd8 Bf8 57. Bf6 Bd6 58. Kh8 Kf8 59. Kh7 {Game
drawn by mutual agreement} 1/2-1/2

[Event "Team 45 45 League T96"]
[Site "Internet Chess Club"]
[Date "2023.05.21"]
[Round "2"]
[White "pmarcal"]
[Black "Pruett1988"]
[Result "1-0"]
[WhiteElo "1716"]
[BlackElo "1662"]
[Opening "Queen's pawn, Mason variation"]
[ECO "D00"]
[Time "20:00:30"]
[PlyCount "67"]
[TimeControl "2700+45"]

1. d4 d5 2. Bf4 Nc6 3. e3 a6 4. c4 Bf5 5. Nf3 e6 6. Nc3 Nf6 7. Ne5 dxc4 8. Nxc6
bxc6 9. Qa4 Qd7 10. Bxc4 Nd5 11. Bg3 Nb6 12. Qb3 Nxc4 13. Qxc4 c5 14. Rd1 Be7
15. O-O O-O 16. dxc5 Qc6 17. b4 Rfd8 18. a3 Bc2 19. Nd5 exd5 20. Qxc2 a5 21. Be5
axb4 22. axb4 Rab8 23. Rb1 Rb5 24. Qf5 f6 25. Bc3 Qd7 26. Qxd7 Rxd7 27. Ra1 Kf7
28. Ra6 f5 29. g3 Bxc5 30. bxc5 Rxc5 31. Bd4 Rc4 32. Ra5 g5 33. Rc5 Rb4 34. Rfc1
{Black resigns} 1-0

[Event "Team 45 45 League T96"]
[Site "Internet Chess Club"]
[Date "2023.05.21"]
[Round "2"]
[White "Lawkeito"]
[Black "ghowell"]
[Result "1-0"]
[WhiteElo "1715"]
[BlackElo "1618"]
[Opening "QGD: Ragozin variation"]
[ECO "D38"]
[Time "14:02:35"]
[PlyCount "75"]
[TimeControl "2700+45"]

1. d4 Nf6 2. c4 e6 3. Nf3 d5 4. Nc3 Bb4 5. Bg5 c5 6. cxd5 exd5 7. g3 O-O 8. Bg2
Qb6 9. Bxf6 Qxf6 10. O-O Bxc3 11. bxc3 Nc6 12. Qd2 cxd4 13. cxd4 Be6 14. Rfc1
Rac8 15. Rc3 Rc7 16. Rac1 Rfc8 17. Ne5 Qe7 18. Nxc6 Rxc6 19. Rxc6 Rxc6 20. Rxc6
bxc6 21. Qc2 Qb7 22. h3 h5 23. a3 Qd7 24. Kh2 Bf5 25. Qc5 g5 26. f3 h4 27. e4
hxg3+ 28. Kxg3 Qc7+ 29. Kf2 Be6 30. a4 dxe4 31. Qxg5+ Kf8 32. fxe4 Qb6 33. Qc5+
Qxc5 34. dxc5 a5 35. e5 Bd5 36. Bxd5 cxd5 37. Ke3 Ke7 38. Kd4 {Black resigns}
1-0

[Event "Team 45 45 League T96"]
[Site "Internet Chess Club"]
[Date "2023.05.18"]
[Round "2"]
[White "magiclydonkey"]
[Black "AlWynJones"]
[Result "1-0"]
[WhiteElo "1419"]
[BlackElo "1465"]
[Opening "Sicilian: dragon, Yugoslav attack, 7...O-O"]
[ECO "B76"]
[Time "12:01:18"]
[PlyCount "47"]
[TimeControl "2700+45"]

1. e4 c5 2. Nf3 d6 3. d4 cxd4 4. Nxd4 Nf6 5. Nc3 g6 6. Be3 Bg7 7. f3 O-O 8. Qd2
Nc6 9. g4 e5 10. Ndb5 Ne8 11. O-O-O Qf6 12. Be2 a6 13. Nd5 Qe6 14. Nbc3 Nd4 15.
Nb6 Rb8 16. Ncd5 Nf6 17. c3 Nxe2+ 18. Qxe2 Nxd5 19. Rxd5 Rd8 20. Rhd1 Bd7 21.
Rxd6 Qxa2 22. Rxd7 Rxd7 23. Rxd7 Bf8 24. Qc4 {Black resigns} 1-0

[Event "Team 45 45 League T96"]
[Site "Internet Chess Club"]
[Date "2023.05.22"]
[Round "2"]
[White "Sandrotov"]
[Black "LookImYourVader"]
[Result "1/2-1/2"]
[WhiteElo "1622"]
[BlackElo "1780"]
[Opening "English opening"]
[ECO "A10"]
[Time "17:00:23"]
[PlyCount "61"]
[TimeControl "2700+45"]

1. c4 b6 2. Nc3 Bb7 3. e4 e5 4. g3 Nc6 5. Bg2 Bc5 6. Nge2 Nge7 7. O-O O-O 8. d3
Nd4 9. a3 a5 10. h3 f5 11. Kh2 fxe4 12. dxe4 Rf7 13. f4 Nec6 14. f5 Nxe2 15.
Qxe2 Nd4 16. Qg4 Nc2 17. Bg5 Qf8 18. Rad1 Be3 19. Rd3 Bxg5 20. Qxg5 Nd4 21. h4
Ba6 22. b3 Nxb3 23. Nb5 Bxb5 24. cxb5 Nc5 25. Rd2 Qe7 26. Qh5 Rf6 27. Re1 Raf8
28. Bf1 Kh8 29. Bc4 Rh6 30. Qg4 d6 31. Rf1 {Game drawn by mutual agreement}
1/2-1/2

[Event "Team 45 45 League T96"]
[Site "Internet Chess Club"]
[Date "2023.05.21"]
[Round "2"]
[White "fishhead"]
[Black "dalmata"]
[Result "1-0"]
[WhiteElo "1660"]
[BlackElo "1515"]
[Opening "French: Steinitz variation"]
[ECO "C11"]
[Time "14:00:27"]
[PlyCount "83"]
[TimeControl "2700+45"]

1. e4 e6 2. d4 d5 3. Nc3 Nf6 4. e5 Nfd7 5. Nce2 c5 6. c3 Be7 7. Nf3 O-O 8. Nf4
cxd4 9. cxd4 Bb4+ 10. Bd2 Nc6 11. Bd3 Bxd2+ 12. Qxd2 Qa5 13. Qxa5 Nxa5 14. Rc1
Nc6 15. Bb5 Ndb8 16. Kd2 a6 17. Bd3 f5 18. Ke3 h6 19. h4 Ne7 20. Rc7 Nbc6 21.
Rc1 Rf7 22. a3 Kf8 23. b4 Ke8 24. h5 Kd8 25. Rxc8+ Rxc8 26. Nxe6+ Kd7 27. Nf4
Ke8 28. Nh4 Nd8 29. Rxc8 Nxc8 30. Nxf5 Rd7 31. g4 Kf7 32. Bb1 Ne6 33. Ba2 Nxf4
34. Kxf4 Ke6 35. Ne3 Ne7 36. Kg3 b5 37. f4 Rc7 38. f5+ Kf7 39. Kf4 Rc3 40. Bxd5+
Nxd5+ 41. Nxd5 Rxa3 42. e6+ {Black resigns} 1-0

[Event "Team 45 45 League T96"]
[Site "Internet Chess Club"]
[Date "2023.05.21"]
[Round "2"]
[White "Manch"]
[Black "cayo89"]
[Result "1/2-1/2"]
[WhiteElo "1435"]
[BlackElo "1533"]
[Opening "Pirc defense"]
[ECO "B07"]
[Time "09:32:54"]
[PlyCount "92"]
[TimeControl "2700+45"]

1. e4 d6 2. d4 Nf6 3. Nc3 Nbd7 4. f4 e5 5. dxe5 dxe5 6. fxe5 Nxe5 7. Qxd8+ Kxd8
8. Bf4 Nfd7 9. O-O-O f6 10. Bxe5 fxe5 11. Nf3 Bd6 12. Bb5 Re8 13. Ba4 a6 14.
Bxd7 Bxd7 15. Ng5 Bc6 16. Nf7+ Ke7 17. Nxd6 cxd6 18. Rhf1 Rf8 19. h3 Rxf1 20.
Rxf1 Rf8 21. Rf3 Rxf3 22. gxf3 Kf6 23. h4 h5 24. Kd2 g5 25. hxg5+ Kxg5 26. Ke3
h4 27. Ne2 d5 28. exd5 Bxd5 29. b3 b5 30. Ng1 b4 31. Nh3+ Kf5 32. Nf2 Bc6 33.
Nh3 Bb5 34. Kf2 a5 35. Ng1 e4 36. fxe4+ Kxe4 37. Nf3 h3 38. Ne1 Kd4 39. Nf3+ Kc3
40. Kg3 Bf1 41. Ne5 Bb5 42. Kxh3 a4 43. bxa4 Bxa4 44. Nd3 Bxc2 45. Nxb4 Kxb4 46.
a3+ Kxa3 {Game drawn because neither player has mating material} 1/2-1/2

[Event "Team 45 45 League T96"]
[Site "Internet Chess Club"]
[Date "2023.05.21"]
[Round "2"]
[White "isolani"]
[Black "garytd"]
[Result "1/2-1/2"]
[WhiteElo "1450"]
[BlackElo "1453"]
[Opening "Queen's pawn game"]
[ECO "A46"]
[Time "10:01:00"]
[PlyCount "57"]
[TimeControl "2700+45"]

1. d4 Nf6 2. Nf3 c5 3. e3 g6 4. Be2 Bg7 5. O-O O-O 6. c3 d6 7. Nbd2 Bf5 8. Qb3
b6 9. Re1 a6 10. Nf1 b5 11. Ng3 Be6 12. Qc2 Nbd7 13. e4 cxd4 14. cxd4 Rc8 15.
Qd1 Bc4 16. b3 Bxe2 17. Qxe2 Rc7 18. e5 dxe5 19. dxe5 Ng4 20. Bf4 e6 21. Rac1
Bh6 22. Bxh6 Nxh6 23. Rxc7 Qxc7 24. Qd2 Ng4 25. Qd4 Nh6 26. Rd1 Rd8 27. h4 Qc2
28. Rd2 Qc1+ 29. Rd1 {Game drawn by mutual agreement} 1/2-1/2

[Event "Team 45 45 League T96"]
[Site "Internet Chess Club"]
[Date "2023.05.19"]
[Round "2"]
[White "primerpaso"]
[Black "VictorRed"]
[Result "1-0"]
[WhiteElo "1810"]
[BlackElo "1665"]
[Opening "English: symmetrical, main line with d4"]
[ECO "A39"]
[Time "17:16:20"]
[PlyCount "87"]
[TimeControl "2700+45"]

1. c4 c5 2. Nc3 Nf6 3. g3 g6 4. Bg2 Bg7 5. Nf3 O-O 6. O-O Nc6 7. d4 cxd4 8. Nxd4
a6 9. h3 Nh5 10. e3 Nxd4 11. exd4 d6 12. Re1 e6 13. Be3 Qc7 14. Qe2 Bd7 15. Rac1
f5 16. Qd2 Rf7 17. Ne2 Kh8 18. Nf4 Nxf4 19. Bxf4 e5 20. dxe5 dxe5 21. Bd5 Re7
22. Bg5 Ree8 23. Red1 Bc6 24. Bxc6 Qxc6 25. Qd6 Re6 26. Qxc6 Rxc6 27. Rd7 b5 28.
c5 a5 29. Rcd1 h6 30. Be7 e4 31. b3 Re6 32. R1d6 Ra6 33. Rd8+ Kh7 34. R6d7 g5
35. Bf8 Rg6 36. Rb8 Raf6 37. Bd6 f4 38. Rbb7 fxg3 39. Bxg3 Re6 40. Bd6 Re8 41.
c6 g4 42. h4 Rc8 43. Be5 Rcxc6 44. Rxg7+ {Black resigns} 1-0

[Event "Team 45 45 League T96"]
[Site "Internet Chess Club"]
[Date "2023.05.20"]
[Round "2"]
[White "jfkingiii"]
[Black "mandrull"]
[Result "1/2-1/2"]
[WhiteElo "1440"]
[BlackElo "1643"]
[Opening "Caro-Kann: Steinitz variation"]
[ECO "B17"]
[Time "23:30:28"]
[PlyCount "46"]
[TimeControl "2700+45"]

1. e4 c6 2. d4 d5 3. Nc3 dxe4 4. Nxe4 Nd7 5. Nf3 Ngf6 6. Bd3 Nxe4 7. Bxe4 Nf6 8.
Bd3 Bg4 9. c3 e6 10. O-O Qd5 11. Be2 Bd6 12. h3 Bh5 13. c4 Qa5 14. Bd2 Qc7 15.
Rc1 O-O 16. Bg5 Bf4 17. Bxf4 Qxf4 18. Ne5 Bxe2 19. Qxe2 Qxd4 20. Rcd1 Qc5 21.
Nd7 Nxd7 22. Rxd7 Qb6 23. Rfd1 h6 {Game drawn by mutual agreement} 1/2-1/2

[Event "Team 45 45 League T96"]
[Site "Internet Chess Club"]
[Date "2023.05.20"]
[Round "2"]
[White "julesraider"]
[Black "kabindra"]
[Result "1-0"]
[WhiteElo "1592"]
[BlackElo "1687"]
[Opening "QGA: 3.e4"]
[ECO "D20"]
[Time "16:00:13"]
[PlyCount "45"]
[TimeControl "2700+45"]

1. d4 d5 2. c4 dxc4 3. e4 Nc6 4. Nf3 Bg4 5. Be3 Bxf3 6. gxf3 e5 7. d5 Na5 8.
Qa4+ c6 9. dxc6 Nxc6 10. Nc3 a6 11. Rd1 Qh4 12. Bxc4 Bb4 13. Rd5 Qh5 14. Rg1 Ne7
15. Rg5 Qxf3 16. Rdxe5 f6 17. Rxe7+ Bxe7 18. Rxg7 O-O-O 19. Bxa6 Rhe8 20. Bxb7+
Kxb7 21. Qb5+ Kc7 22. Bb6+ Kd7 23. Qd5+ {Black resigns} 1-0

[Event "Team 45 45 League T96"]
[Site "Internet Chess Club"]
[Date "2023.05.20"]
[Round "2"]
[White "alexcolins"]
[Black "mongmong"]
[Result "1-0"]
[WhiteElo "1419"]
[BlackElo "1484"]
[Opening "French defense, Steiner variation"]
[ECO "A13"]
[Time "10:16:14"]
[PlyCount "41"]
[TimeControl "2700+45"]

1. c4 e6 2. e4 d5 3. cxd5 exd5 4. exd5 Qxd5 5. Nc3 Qd8 6. Bc4 Qe7+ 7. Be2 Be6 8.
Nf3 Nf6 9. d4 Qd8 10. O-O c6 11. Bg5 Be7 12. Qc2 Nd5 13. Bxe7 Qxe7 14. Nxd5 Bxd5
15. Rfe1 O-O 16. Bd3 Qf6 17. Bxh7+ Kh8 18. Be4 Bxe4 19. Qxe4 g6 20. Ne5 Re8 21.
Nxg6+ {Black resigns} 1-0

[Event "Team 45 45 League T96"]
[Site "Internet Chess Club"]
[Date "2023.05.22"]
[Round "2"]
[White "sdcohle"]
[Black "clarinetref"]
[Result "1-0"]
[WhiteElo "1348"]
[BlackElo "1463"]
[Opening "French: Rubinstein variation"]
[ECO "C10"]
[Time "20:35:53"]
[PlyCount "127"]
[TimeControl "2700+45"]

1. e4 e6 2. d4 d5 3. Nc3 dxe4 4. Nxe4 Nd7 5. g3 Ngf6 6. Bg2 Nxe4 7. Bxe4 Nf6 8.
Bg2 c5 9. Ne2 Rb8 10. O-O cxd4 11. Qxd4 Qxd4 12. Nxd4 Bc5 13. Nf3 O-O 14. Ne5
Bd4 15. Nf3 Rd8 16. c3 Bc5 17. Bg5 Be7 18. h3 h6 19. Bf4 Bd6 20. Rfd1 Nd5 21.
Bxd6 Rxd6 22. c4 Bd7 23. cxd5 exd5 24. Ne5 Be6 25. Nc4 Rd7 26. Ne5 Rd6 27. Rd4
Rbd8 28. Rad1 f6 29. Nc4 R6d7 30. Ne3 Rc8 31. Bxd5 Bxd5 32. Nxd5 Kf7 33. Nc3 Re7
34. Rd7 Rc5 35. Rxe7+ Kxe7 36. Re1+ Kf7 37. Re2 b5 38. a3 a5 39. Re4 Rh5 40. Kg2
Rc5 41. Rd4 Kg6 42. Rd5 Rxd5 43. Nxd5 Kf5 44. Nc3 b4 45. axb4 axb4 46. g4+ Ke5
47. f4+ Kd4 48. Nd1 Kd3 49. Kf2 Kd2 50. Ne3 b3 51. Nc4+ Kd3 52. Na5 Kc2 53. Ke3
Kxb2 54. Nxb3 Kxb3 55. Ke4 Kc4 56. Kf5 Kd4 57. Kg6 Ke4 58. f5 Kf4 59. Kxg7 Kg5
60. Kh7 h5 61. Kg7 hxg4 62. hxg4 Kxg4 63. Kxf6 Kh5 64. Ke7 {Black resigns} 1-0

[Event "Team 45 45 League T96"]
[Site "Internet Chess Club"]
[Date "2023.05.20"]
[Round "2"]
[White "herrahuu"]
[Black "Tjet"]
[Result "1-0"]
[WhiteElo "1494"]
[BlackElo "1288"]
[Opening "Pirc: Ufimtsev-Pytel variation"]
[ECO "B07"]
[Time "12:01:10"]
[PlyCount "71"]
[TimeControl "2700+45"]

1. e4 d6 2. d4 Nf6 3. Nc3 c6 4. f3 g6 5. Be3 Bg7 6. Qd2 b5 7. a3 O-O 8. O-O-O a5
9. g4 Nbd7 10. h4 Bb7 11. h5 Nb6 12. hxg6 Nc4 13. Bxc4 bxc4 14. Bh6 fxg6 15.
Bxg7 Kxg7 16. Qh6+ Kg8 17. Nh3 Rf7 18. Ng5 Qf8 19. Nxf7 Qxf7 20. Rh3 Bc8 21. Ne2
Nxg4 22. fxg4 Bxg4 23. Rh2 Bxe2 24. Rxe2 Rf8 25. Rh2 Qf4+ 26. Qxf4 Rxf4 27. Rdh1
h5 28. Rh4 e5 29. dxe5 dxe5 30. Rxf4 exf4 31. Kd2 Kf7 32. Ke2 Kf6 33. Kf3 Ke5
34. Rh4 Kf6 35. Rxf4+ Ke5 36. Rh4 {Black resigns} 1-0

[Event "Team 45 45 League T96"]
[Site "Internet Chess Club"]
[Date "2023.05.19"]
[Round "2"]
[White "seattleblues"]
[Black "woofgang"]
[Result "0-1"]
[WhiteElo "1281"]
[BlackElo "1202"]
[Opening "QGD semi-Slav: 5...Nd7"]
[ECO "D45"]
[Time "14:13:36"]
[PlyCount "88"]
[TimeControl "2700+45"]

1. d4 d5 2. Nf3 c6 3. c4 Nf6 4. Nc3 e6 5. e3 Nbd7 6. cxd5 exd5 7. Bd3 Bd6 8. O-O
O-O 9. Re1 Re8 10. Qc2 h6 11. e4 dxe4 12. Nxe4 Nxe4 13. Bxe4 Nf6 14. Bd3 Bg4 15.
Ne5 Be6 16. Bf4 Qb6 17. Be3 Qc7 18. Qc3 Nd5 19. Qc2 Ne7 20. Nf3 Bd5 21. Be4 Bxe4
22. Qxe4 Nd5 23. Qd3 Re7 24. Re2 Rae8 25. a3 Nf4 26. Qd2 Nxe2+ 27. Qxe2 Bf4 28.
Re1 Bxe3 29. fxe3 Rxe3 30. Qd2 Rxe1+ 31. Nxe1 Qb6 32. b4 Qc7 33. Nf3 b6 34. Ne5
Re7 35. Qc3 Re6 36. b5 c5 37. a4 Qe7 38. Kf1 cxd4 39. Qc8+ Kh7 40. Qc2+ g6 41.
Nf3 Qb4 42. Qd1 Qc4+ 43. Kf2 d3 44. Nd2 Qc2 {White resigns} 0-1